 Dungeon Crawl Stone Soup version 0.29.0-4-gdea44cf6ec (webtiles) character file.

Game seed: 7586447521699179918

224 qw the Chopper (level 6, -1/35 HPs)
             Began as a Tengu Warper on Aug 28, 2022.
             Slain by an ice beast (10 damage)
             ... on level 5 of the Dungeon.
             The game lasted 00:00:21 (2904 turns).

qw the Chopper (Tengu Warper)                       Turns: 2904, Time: 00:00:22

Health: -1/35      AC: 15    Str: 14    XL:     6   Next: 0%
Magic:  10/10      EV: 11    Int: 13    God:
Gold:   102        SH:  0    Dex: 13    Spells: 9/9 levels left

rFire   . . .      SeeInvis .   Y - +0 hand axe (protect)
rCold   . . .      Faith    .   (no shield)
rNeg    . . .      Spirit   .   k - +0 scale mail
rPois   .          Reflect  .   (helmet restricted)
rElec   .          Harm     .   h - +0 cloak
rCorr   .          Rampage  .   f - +0 pair of gloves
Will    .....                   (boots unavailable)
Stlth   ..........              d - amulet of regeneration
HPRegen 0.91/turn               (no ring)
MPRegen 0.12/turn               (no ring)

@: under a protective aura, flying quickly and evasively, quick
A: beak, talons 3, nimble flight
a: no special abilities


You were on level 5 of the Dungeon.
You visited 1 branch of the dungeon, and saw 5 of its levels.

You collected 154 gold pieces.
You spent 52 gold pieces at shops.


Innate Abilities, Weirdness & Mutations

You have a beak for a mouth.
You have claws for feet.
Your magical nature lets you fly swiftly and evasively.


   Skills:
 - Level 2.0 Fighting
 + Level 6.6 Axes
 - Level 1.0 Throwing
 - Level 1.1 Armour
 - Level 2.1 Dodging
 - Level 2.0 Spellcasting
 - Level 2.4 Translocations


You had 9 spell levels left.
You didn't know any spells.
Your spell library contained the following spells:

 Spells                   Type           Power      Damage    Failure   Level
 Blink                    Tloc           14%        N/A       54%         2
 Gell's Gravitas          Tloc           7%         N/A       77%         3
 Lesser Beckoning         Tloc           7%         N/A       77%         3
 Teleport Other           Tloc           7%         N/A       77%         3
 Manifold Assault         Tloc           7%         N/A       100%        5

Inventory:

Hand Weapons
 l - a +0 flail
 Y - a +0 hand axe of protection (weapon)
Armour
 f - a +0 pair of gloves (worn)
 h - a +0 cloak (worn)
 k - a +0 scale mail (worn)
Jewellery
 d - an amulet of regeneration (around neck)
Scrolls
 g - a scroll of identify
 p - a scroll of teleportation
Potions
 a - a potion of heal wounds
 b - a potion of invisibility {unknown}
 e - a potion of attraction {unknown}
 i - a potion of might {unknown}
 j - a potion of haste {unknown}
 m - a potion of magic {unknown}
 n - a potion of berserk rage {unknown}
 o - a potion of curing {unknown}

Dungeon Overview and Level Annotations

Branches:
Dungeon (5/15)
 Temple: D:4-7

Altars:

Shops:
D:1 [


Message History

2867 ||| IDENTIFYING bubbling inky potion Done exploring.
(D) Dungeon
Where to? (* - list waypoints, Enter - D:4, ? - help)
What level of the Dungeon? (default 1, ? - help)
There is a stone staircase leading down here.
You fly downwards.
Found a stone staircase leading down.
There is a stone staircase leading up here.
Existing waypoints: (1) D:4 (2) D:3 Assign waypoint to what number? (0-9, D - delete waypoint) Waypoint 2 re-assigned from D:3 to D:5.
Enter note: An ice beast comes into view.
The ice beast moves out of view.
You hit the ice beast.
Your weapon exudes an aura of protection.
You claw the ice beast, but do no damage.
The ice beast is lightly wounded.
The ice beast hits you. The ice beast freezes you!
You hit the ice beast.
You claw the ice beast, but do no damage.
The ice beast is lightly wounded.
The ice beast hits you but does no damage.
You barely miss the ice beast.
You claw the ice beast, but do no damage.
The ice beast is lightly wounded.
The ice beast hits you but does no damage.
You barely miss the ice beast.
You claw the ice beast, but do no damage.
The ice beast is lightly wounded.
The ice beast hits you. The ice beast freezes you!
You hit the ice beast but do no damage. You peck the ice beast.
The ice beast is moderately wounded.
The ice beast hits you but does no damage.
You hit the ice beast. You claw the ice beast.
The ice beast is heavily wounded.
The ice beast hits you. The ice beast freezes you!
You die...

#######...
.........#
.........#
.........#
.........#
.......<.#
.........#
>........#
........@#
...###+#Y.......
.. ..#...... .
...#...... ....#
..... .....#
..... #.....#
.... #.##+##
....


You could see an ice beast.

Vanquished Creatures
  A hound (D:4)
  2 iguanas (D:4)
  6 gnolls (D:3)
  3 adders
  A dart slug (D:2)
  An orc (D:3)
  4 bats
  4 endoplasms
  2 giant cockroaches (D:3)
  4 goblins
  2 hobgoblins
  4 jackals (D:1)
  7 kobolds
  4 quokkas
  7 ball pythons
  2 frilled lizards
  8 rats
62 creatures vanquished.

Vanquished Creatures (others)
  15 plants
15 creatures vanquished.

Grand Total: 77 creatures vanquished

Notes
Turn   | Place    | Note
-------+----------+-------------------------------------------
     0 | D:1      | qw the Tengu Warper began the quest for the Orb.
     0 | D:1      | Reached XP level 1. HP: 12/12 MP: 4/4
     0 | D:1      | 0 ||| qw: Version: 0.1-a-89-g26bdef1
     0 | D:1      | 0 ||| qw: Game counter: 2916
     0 | D:1      | 0 ||| qw: Always use a shield: true
     0 | D:1      | 0 ||| qw: God list: Okawaru
     0 | D:1      | 0 ||| qw: Allow faded altars: false
     0 | D:1      | 0 ||| qw: Do Orc after D:15 true
     0 | D:1      | 0 ||| qw: Do second Lair branch before Depths: true
     0 | D:1      | 0 ||| qw: Lair rune preference: random
     0 | D:1      | 0 ||| qw: Plans: Normal
     0 | D:1      | 0 ||| PLANNING D:1-11
     6 | D:1      | Found Huxyucat's Armour Emporium.
    77 | D:1      | Found a faded altar of an unknown god.
    92 | D:1      | HP: 2/12 [jackal (2)]
    96 | D:1      | Reached skill level 3 in Axes
    96 | D:1      | Reached XP level 2. HP: 4/17 MP: 6/6
   692 | D:1      | 692 ||| BUYING +0 scale mail (52 gold).
   692 | D:1      | Bought a +0 scale mail for 52 gold pieces
   692 | D:1      | 692 ||| SHOPLISTING +2 hood of the Assassin {Detection
                  | Stab+ Stlth++} (780 gold, have 2).
   692 | D:1      | 692 ||| SHOPLISTING +2 leather armour of poison resistance
                  | (208 gold, have 2).
   692 | D:1      | 692 ||| SHOPLISTING +2 pair of gloves of hurling (279 gold,
                  | have 2).
   922 | D:1      | 922 ||| UPGRADING to +0 ring mail.
   932 | D:1      | 932 ||| DROPPING +0 leather armour.
   933 | D:1      | 933 ||| UPGRADING to +0 scale mail.
   943 | D:1      | 943 ||| DROPPING +0 ring mail.
   944 | D:1      | 944 ||| UPGRADING to amulet of regeneration.
   949 | D:1      | 949 ||| DROPPING amulet of the acrobat.
   950 | D:1      | 950 ||| READING scroll labelled ELAEHIXT DEIKY.
   951 | D:1      | 951 ||| READING scroll labelled OGOODIETIT.
   955 | D:1      | 955 ||| READING scroll labelled KISOEBEKUPP.
   956 | D:1      | 956 ||| DROPPING scroll of blinking.
  1164 | D:2      | Reached XP level 3. HP: 21/21 MP: 7/7
  1183 | D:2      | 1183 ||| Stepping ~*~*~tactically~*~*~ (hiding).
  1391 | D:2      | Reached skill level 4 in Axes
  1644 | D:2      | 1644 ||| UPGRADING to +0 cloak.
  1649 | D:2      | 1649 ||| READING scroll labelled EZETARR FATI.
  1650 | D:2      | 1650 ||| READING 2 scrolls labelled UNWEHUFIAGH.
  1651 | D:2      | 1651 ||| READING scroll labelled EFO IBAK INOZ.
  1753 | D:3      | 1753 ||| Stepping ~*~*~tactically~*~*~ (hiding).
  1771 | D:3      | Reached XP level 4. HP: 12/26 MP: 8/8
  1773 | D:3      | HP: 6/26 [gnoll/+0 spear (4)]
  1774 | D:3      | 1774 ||| READING scroll of teleportation.
  1851 | D:3      | 1851 ||| Stepping ~*~*~tactically~*~*~ (stealth).
  1855 | D:3      | Reached skill level 5 in Axes
  1876 | D:3      | 1876 ||| FLEEEEING.
  1877 | D:3      | 1877 ||| FLEEEEING.
  1878 | D:3      | 1878 ||| FLEEEEING.
  1880 | D:3      | 1880 ||| FLEEEEING.
  1882 | D:3      | 1882 ||| FLEEEEING.
  1883 | D:3      | 1883 ||| FLEEEEING.
  1913 | D:3      | 1913 ||| DROPPING +0 mace.
  2020 | D:3      | 2020 ||| Stepping ~*~*~tactically~*~*~ (stealth).
  2023 | D:3      | Gained mutation: Your magical nature lets you fly swiftly
                  | and evasively. [Tengu growth]
  2023 | D:3      | Reached XP level 5. HP: 30/30 MP: 9/9
  2213 | D:3      | 2213 ||| UPGRADING to +0 pair of gloves.
  2218 | D:3      | 2218 ||| READING scroll labelled RIOKIY MIROKE.
  2219 | D:3      | 2219 ||| READING scroll labelled UPPYAN ZOAD.
  2320 | D:3      | 2320 ||| READING scroll labelled ZECLOG USYIRCHY.
  2509 | D:4      | Reached skill level 6 in Axes
  2519 | D:4      | 2519 ||| Stepping ~*~*~tactically~*~*~ (stealth).
  2733 | D:4      | Reached XP level 6. HP: 31/35 MP: 10/10
  2865 | D:4      | 2865 ||| READING scroll labelled MAQYLE GIAGEEHILU.
  2866 | D:4      | 2866 ||| READING scroll labelled KYAMUC YCKE.
  2867 | D:4      | 2867 ||| READING 2 scrolls of identify.
  2867 | D:4      | 2867 ||| IDENTIFYING bubbling inky potion
  2894 | D:5      | Entered Level 5 of the Dungeon
  2896 | D:5      | Noticed an ice beast
  2904 | D:5      | Slain by an ice beast

Levels and vault maps discovered:
D:1:      roderic_crop_circles_arrival_small, layout_loops_ring, serial_shops,
          nicolae_shop_stone, basic_ecumenical_altar, lemuel_flame_loot_1
D:2:      layout_loops_ring, serial_bayou_lagoon_b
D:3:      layout_basic
D:4:      layout_rooms
D:5:      layout_gridville, nicolae_dithmenos_shadow_blocks,
          serial_bayou_lagoon_a

Skill      XL: |  1  2  3  4  5 |
---------------+----------------+-----
Axes           | 3 4 5 6 |  6.6
Fighting       | |  2.0
Throwing       | |  1.0
Armour         | |  1.1
Dodging        | |  2.1
Spellcasting   | |  2.0
Translocations | |  2.4

Action                   |  1- 3 |  4- 6 || total
-------------------------+-------+-------++-------
Melee: Hand axe          |    81 |    86 ||   167
       Kick              |    18 |    24 ||    42
       Peck              |     8 |    15 ||    23
       Punch             |     1 |     2 ||     3
Throw: Boomerang         |     7 |       ||     7
  Use: Scroll            |     6 |     7 ||    13
Armor: Leather armour    |     8 |       ||     8
       Scale mail        |    17 |    22 ||    39
Dodge: Dodged            |    47 |    35 ||    82

Table legend:
 A = Non-vault XP
 B = Vault XP
 C = Vault XP percentage of total XP
 D = Non-vault monster count
 E = Vault monster count
 F = Vault count percentage of total count
                 A         B        C        D         E       F
            +---------+---------+-------+---------+---------+-------
      Total |     321 |       0 |   0.0 |      62 |       0 |   0.0
            +---------+---------+-------+---------+---------+-------
        D:1 |      20 |       0 |   0.0 |      12 |       0 |   0.0
        D:2 |      28 |       0 |   0.0 |      16 |       0 |   0.0
        D:3 |     136 |       0 |   0.0 |      24 |       0 |   0.0
        D:4 |     137 |       0 |   0.0 |      10 |       0 |   0.0
            +---------+---------+-------+---------+---------+-------
